 Dungeon Crawl Stone Soup version 0.30-a0-591-g3c58d2bc28 (webtiles) character file.

Game seed: 11515230531241560803

406 sokol815 the Chopper (level 6, -10/48 HPs)
             Began as a Demonspawn Monk on Jan 5, 2023.
             Mangled by an ogre
             ... wielding a +0 giant club
              (26 damage)
             ... on level 5 of the Dungeon.
             The game lasted 00:05:36 (3860 turns).

sokol815 the Chopper (Demonspawn Monk)              Turns: 3860, Time: 00:05:36

Health: -10/48     AC: 10    Str: 13    XL:     6   Next: 56%
Magic:  15/15      EV:  6    Int: 11    God:
Gold:   309        SH:  0    Dex: 16    Spells: 5/5 levels left

rFire   . . .      SeeInvis .    a - +0 war axe
rCold   . . .      Faith    .    (no shield)
rNeg    + . .      Spirit   .    p - +0 chain mail {rPois}
rPois   +          Reflect  .    c - +0 helmet
rElec   .          Harm     .    (no cloak)
rCorr   .          Rampage  .    (no gloves)
Will    .....                    (no boots) Stlth
                                 j - amulet of the acrobat
HPRegen 0.28/turn                N - ring of positive energy {rN+}
MPRegen 0.14/turn                k - ring of magical power {MP+9}

@: no status effects
A: rugged brown scales 1, spiny 2
a: no special abilities


You were on level 5 of the Dungeon.
You visited 1 branch of the dungeon, and saw 5 of its levels.

You collected 309 gold pieces.

Inventory:

Hand Weapons
 a - a +0 war axe (weapon)
   (You took it off an orc on level 4 of the Dungeon)
 f - a +2 dagger of venom
   (You found it on level 1 of the Dungeon)
 h - a +2 dagger of venom
   (You took it off a goblin on level 2 of the Dungeon)
 m - a +0 hand axe
 n - a +2 dagger of flaming
   (You took it off a goblin on level 3 of the Dungeon)
 o - a +5 falchion of electrocution
   (You took it off Terence on level 3 of the Dungeon)
Missiles
 s - 2 stones (quivered)
Armour
 b - a +0 robe
 c - a +0 helmet (worn)
   (You took it off Robin on level 2 of the Dungeon)
 e - a +0 scale mail
   (You found it on level 1 of the Dungeon)
 p - a +0 chain mail of poison resistance (worn)
   (You found it on level 4 of the Dungeon)
Jewellery
 j - an amulet of the acrobat (around neck)
   (You found it on level 1 of the Dungeon)
 k - a ring of magical power (right hand) {MP+9}
   (You found it on level 2 of the Dungeon)
 N - a ring of positive energy (left hand) {rN+}
   (You found it on level 2 of the Dungeon)
Scrolls
 i - 2 scrolls of amnesia
Potions
 d - a potion of mutation {unknown}
 g - a potion of cancellation
 q - a potion of might {unknown}
 B - 3 potions of brilliance
 G - a potion of ambrosia {!q}
 H - 3 potions of haste
 I - 3 potions of invisibility
 J - a potion of curing {@q1}
 M - a potion of magic
 P - a potion of lignification {!q}


   Skills:
 - Level 3.0 Fighting
 + Level 6.8 Axes
 - Level 2.6 Dodging
 - Level 1.7 Stealth


You had 5 spell levels left.
You didn't know any spells.
Your spell library was empty.

Dungeon Overview and Level Annotations

Branches:
Dungeon (5/15) Zot: 24673
 Temple: D:4-7

Altars:
Ashenzari
Sif Muna

Shops:
D:5 (

Annotations:
D:1 2 transporters


Innate Abilities, Weirdness & Mutations

You are partially covered in rugged brown scales. (AC +1, +3% HP)
You are mostly covered in sharp spines.


Message History

No target in view!
No target in view!
An iguana comes into view.
You see here 3 stones.
You throw a stone. The iguana hisses angrily.
The stone hits the orc but does no damage.
You hit the orc. The orc barely misses you.
You hit the orc but do no damage. The orc hits you with a +0 flail!
The orc is struck by your spines.
You kill the orc!
You take 7 damage, and have 41/48 hp.
Things that are here:
a +0 flail; a +0 ring mail A phantom comes into view.
An adder comes into view.
The iguana closely misses you.
The adder hisses angrily.
You hit the iguana.
The iguana bites you but does no damage.
The iguana bites you!
You take 8 damage, and have 33/48 hp.
You hit the iguana but do no damage.
The iguana bites you but does no damage.
You closely miss the iguana. The iguana is struck by your spines.
The iguana bites you!
You take 11 damage, and have 22/48 hp.
MASSIVE DAMAGE!!
You hit the iguana. Your punch misses the iguana.
The iguana is struck by your spines. The iguana barely misses you.
The adder barely misses you.
You hit the iguana but do no damage. You hit the adder.
The adder is struck by your spines. The adder bites you but does no damage.
The iguana is struck by your spines.
The iguana bites you but does no damage.
You hit the iguana but do no damage. You barely miss the adder.
You hit the phantom. The adder bites you but does no damage.
The phantom is struck by your spines. The phantom hits you.
The iguana is struck by your spines.
You kill the iguana!
The adder bites you. The phantom is struck by your spines.
The phantom hits you but does no damage.
You take 5 damage, and have 18/48 hp.
You closely miss the phantom. You barely miss the adder.
The adder bites you but does no damage. The phantom barely misses you.
You hit the phantom. You hit the adder. The adder barely misses you.
The adder is struck by your spines.
You kill the adder!
The phantom is struck by your spines. The phantom hits you.
You take 1 damage, and have 18/48 hp.
You hit the phantom. The phantom completely misses you.
You slash the phantom!
You destroy the phantom!
You start resting.
A hound comes into view.
You regained 7 hp, and now have 26/48 hp.
The hound barks!
The hound attacks as you move away! The hound barely misses you.
You are too injured to fight recklessly!
You closely miss the hound. The hound is struck by your spines.
The hound completely misses you. The hound is struck by your spines.
The hound barely misses you.
You completely miss the hound. The hound is struck by your spines.
You kill the hound!
You start resting.
Health restored: 48
Things that are here:
a +0 flail; a +0 ring mail
s - 3 stones (quivered)
s - 7 stones (gained 4)
You now have 293 gold pieces (gained 19).
You now have 308 gold pieces (gained 15).
d - a lumpy cyan potion You enter the shallow water.
Moving in this stuff is going to be slow.
You enter the shallow water.
Moving in this stuff is going to be slow.
There is a stone staircase leading down here.
Found a shimmering blue altar of Sif Muna.
You now have 309 gold pieces (gained 1).
Found an escape hatch in the floor.
An ogre comes into view. It is wielding a +0 giant club.
You throw a stone. The stone hits the ogre.
You throw a stone. The stone hits the ogre.
You throw a stone.
The stone hits the ogre but does no damage.
You throw a stone.
The stone hits the ogre but does no damage.
You throw a stone.
The stone hits the ogre but does no damage.
You hit the ogre but do no damage. The ogre is struck by your spines.
The ogre closely misses you.
You hit the ogre.
The ogre hits you with a +0 giant club!!
Ouch! That really hurt!
You take 32 damage, and have 16/48 hp.
MASSIVE DAMAGE!!
You barely miss the ogre. The ogre is struck by your spines.
The ogre hits you with a +0 giant club!!
Ouch! That really hurt!
You die...

.. .##. .##.... .....#
..>..# ## ....#
..).####....###
......O........... .##
#### #@#......... ...
#.... #.# ..............
#....# #.# #.............
#.....###.###............#
...._......##..##........#
##.....#...#..###........
##....#.#.....###.....##
#....#.#.......#......#
#.####.....#..........#


You could see an ogre.

Vanquished Creatures
  A phantom (D:5)
  3 hounds
  An orc wizard (D:4)
  An iguana (D:5)
  Terence (D:3)
  Robin (D:2)
  6 adders
  2 worms
  6 orcs
  7 bats
  8 endoplasms
  2 giant cockroaches (D:1)
  16 goblins
  9 hobgoblins
  2 jackals (D:4)
  3 quokkas
  2 ball pythons (D:1)
  5 frilled lizards
  9 kobolds
  8 rats
93 creatures vanquished.

Vanquished Creatures (others)
  A plant (D:5)
1 creature vanquished.

Grand Total: 94 creatures vanquished

Notes
Turn   | Place    | Note
-------+----------+-------------------------------------------
     0 | D:1      | sokol815 the Demonspawn Monk began the quest for the Orb.
     0 | D:1      | Reached XP level 1. HP: 18/18 MP: 1/1
    94 | D:1      | Reached skill level 3 in Axes
   139 | D:1      | Gained mutation: You are partially covered in sharp spines.
                  | [demonic ancestry]
   139 | D:1      | Reached XP level 2. HP: 24/24 MP: 2/2
   729 | D:2      | Gained mutation: You are mostly covered in sharp spines.
                  | [demonic ancestry]
   729 | D:2      | Reached XP level 3. HP: 29/29 MP: 3/3
   816 | D:2      | Reached skill level 4 in Axes
   823 | D:2      | Noticed Robin
   836 | D:2      | Killed Robin
   896 | D:2      | Reached XP level 4. HP: 35/35 MP: 4/4
  1545 | D:3      | You fall into a shaft and drop 2 floors!
  1545 | D:5      | Entered Level 5 of the Dungeon
  1545 | D:5      | Found Hohaere's Weapon Shop.
  1564 | D:4      | Reached skill level 5 in Axes
  1566 | D:4      | Reached XP level 5. HP: 19/41 MP: 5/5
  1992 | D:3      | Found a faded altar of an unknown god.
  2409 | D:3      | Noticed Terence
  2414 | D:3      | Killed Terence
  3086 | D:4      | Found a broken altar of Ashenzari.
  3301 | D:4      | Reached skill level 6 in Axes
  3523 | D:5      | Gained mutation: You are partially covered in rugged brown
                  | scales. (AC +1, +3% HP) [demonic ancestry]
  3523 | D:5      | Reached XP level 6. HP: 41/48 MP: 6/6
  3567 | D:5      | Noticed a +0 dagger
  3567 | D:5      | Noticed a +0 spear
  3567 | D:5      | Noticed a +0 dagger
  3568 | D:5      | Noticed a +0 falchion
  3568 | D:5      | Noticed a +0 spear
  3569 | D:5      | Noticed a +0 falchion
  3708 | D:5      | Noticed a +0 short sword
  3709 | D:5      | Noticed a +0 short sword
  3841 | D:5      | Found a shimmering blue altar of Sif Muna.
  3860 | D:5      | Mangled by an ogre

Illustrated notes

Levels and vault maps discovered:
D:1:      spicycebolla_arrival_transporter_tutorial, layout_basic,
          hangedman_abyss_or_decor_stabs
D:2:      layout_loops_cross, uniq_robin
D:3:      layout_basic, hellmonk_ecumenical_altar_leap_of_faith, uniq_terence
D:4:      layout_basic, mainiacjoe_overflow_six_doors_small
D:5:      layout_cave_pools, nicolae_uskayaw_en_pointe, fedhas_altar_4,
          nicolae_overflow_crystal_walls, serial_bayou, serial_bayou_pond_c,
          serial_bayou_pond_e, serial_bayou_pond_a, serial_bayou_shore_b,
          ebering_ghost_rock_garden, serial_shops, nicolae_shop_statue_plus,
          hangedman_decor_clover_reticule, corexii_shack

Skill      XL: |  1  2  3  4  5 |
---------------+----------------+-----
Axes           | 3 4 5 6 |  6.8
Fighting       | |  3.0
Dodging        | |  2.6
Stealth        | |  1.7

Action                   |  1- 3 |  4- 6 || total
-------------------------+-------+-------++-------
Melee: Hand axe          |    73 |    32 ||   105
       Punch             |     2 |       ||     2
       War axe           |       |    62 ||    62
Throw: Stone             |     6 |    20 ||    26
  Use: Scroll            |     6 |     8 ||    14
 Stab: Sleeping          |     2 |       ||     2
Armor: Scale mail        |    28 |    21 ||    49
       Chain mail        |       |    13 ||    13
Dodge: Dodged            |    41 |    46 ||    87

Table legend: (Time is in decaauts)
 A = Elapsed time spent in this place.
 B = Non-inter-level travel time spent in this place.
 C = Inter-level travel time spent in this place.
 D = Time resting spent in this place.
 E = Time spent auto-exploring this place.
 F = Levels seen in this place.
 G = Mean time per level.
                   A        B        C        D        E       F      G
               +--------+--------+--------+--------+--------+-----+--------+
         Total |   3889 |   3711 |    178 |    150 |   3049 |   5 |  777.8 |
       Dungeon |   3889 |   3711 |    178 |    150 |   3049 |   5 |  777.8 |
               +--------+--------+--------+--------+--------+-----+--------+

Top non-repeatable levels by time:
     D:4: 997 daAuts
     D:3: 982 daAuts
     D:2: 815 daAuts
     D:1: 717 daAuts
     D:5: 376 daAuts

Table legend:
 A = Kills in this place as a percentage of kills in entire the game.
 B = Kills by you in this place as a percentage of kills by you in the entire game.
 C = Kills by friends in this place as a percentage of kills by friends in the entire game.
 D = Other kills in this place as a percentage of other kills in the entire game.
 E = Experience gained in this place as a percentage of experience gained in the entire game.
 F = Experience gained in this place divided by the number of levels of this place that you have seen.
                   A       B       C       D       E      F
               +-------+-------+-------+-------+-------+----------------------
         Total | 100.0 | 100.0 |   N/A |   N/A | 100.0 | 116.0
       Dungeon | 100.0 | 100.0 |   N/A |   N/A | 100.0 | 116.0
               +-------+-------+-------+-------+-------+----------------------
